BSA
NIAGARA FALLS FRENZY @ MAUI TROPICS
09/12/2025
 
TOP OF THE 1ST
Niagara Falls Frenzy batting - Pitching for Maui Tropics : LHP Loren Day
Pitching: LHP Loren Day
Batting: RHB Juan Carlos Rodríguez 0-0: Called Strike
0-1: Ball
1-1: Foul Ball, location: 2F
1-2: Ground out 1-3 (Groundball, 23)
Batting: SHB Shumei Yokoyama 0-0: Called Strike
0-1: Swinging Strike
0-2: Foul Ball, location: 2F
0-2: Ball
1-2: Foul Ball, location: 2F
1-2: Strikes out swinging
Batting: SHB Martín De Jesús 0-0: Ball
1-0: Ball
2-0: Called Strike
2-1: Ball
3-1: SINGLE (Line Drive, 89S)
Batting: RHB Lawrence Schroeder 0-0: Ball
1-0: Called Strike
1-1: Ball
2-1: Ball
3-1: Foul Ball, location: 2F
3-2: Foul Ball, location: 2F
3-2: Foul Ball, location: 2F
3-2: Ground out 4-3 (Groundball, 4)
Top of the 1st over - 0 run(s), 1 hit(s), 0 error(s), 1 left on base; Niagara Falls 0 - Maui 0
BOTTOM OF THE 1ST
Maui Tropics batting - Pitching for Niagara Falls Frenzy : RHP Mark Head
Pitching: RHP Mark Head
Batting: LHB Doyle Otterburn 0-0: Foul Ball, location: 2F
0-1: Ball
1-1: Ball
2-1: Foul Ball, location: 2F
2-2: Ball
3-2: Foul Ball, location: 2F
3-2: Base on Balls
Batting: RHB Jesús Espinoza 0-0: Called Strike
0-1: Ball
1-1: Foul Ball, location: 2F
1-2: Strikes out swinging
Batting: LHB Anacleto Morillo 0-0: Ball
1-0: Swinging Strike
1-1: Called Strike
1-2: Foul Ball, location: 2F
1-2: Ball
2-2: Strikes out looking
Batting: LHB Luis Antonio Torres 0-0: Foul Ball, location: 2F
0-1: Ball
1-1: Fly out, F9 (Flyball, 89M)
Bottom of the 1st over - 0 run(s), 0 hit(s), 0 error(s), 1 left on base; Niagara Falls 0 - Maui 0
TOP OF THE 2ND
Niagara Falls Frenzy batting - Pitching for Maui Tropics : LHP Loren Day
Batting: RHB Ángel Hinojosa 0-0: Ball
1-0: Ball
2-0: Swinging Strike
2-1: Foul Ball, location: 2F
2-2: Ball
3-2: Strikes out looking
Batting: LHB Jarred Jackson 0-0: Ball
1-0: Called Strike
1-1: Foul Ball, location: 2F
1-2: Fly out, F8 (Flyball, 8LD)
Batting: RHB Gerald Burnett 0-0: Ball
1-0: Ball
2-0: Ball
3-0: Called Strike
3-1: Base on Balls
Batting: LHB Donovan Bird 0-0: Ball
1-0: Ball
2-0: Called Strike
2-1: SINGLE (Groundball, 25) (infield hit)
Gerald Burnett to second
Batting: RHB Don Thomas 0-0: Ball
1-0: Ball
2-0: Ball
3-0: Base on Balls
Gerald Burnett to third
Donovan Bird to second
Batting: RHB Juan Carlos Rodríguez 0-0: Ball
1-0: Ball
2-0: SINGLE (Line Drive, 89M)
Gerald Burnett scores
Donovan Bird to third
Don Thomas to second
Batting: SHB Shumei Yokoyama 0-0: Called Strike
0-1: Ball
1-1: Ball
2-1: Called Strike
2-2: Foul Ball, location: 2F
2-2: Strikes out looking
Top of the 2nd over - 1 run(s), 2 hit(s), 0 error(s), 3 left on base; Niagara Falls 1 - Maui 0
BOTTOM OF THE 2ND
Maui Tropics batting - Pitching for Niagara Falls Frenzy : RHP Mark Head
Batting: LHB Henry Huffman 0-0: Fly out, F8 (Flyball, 8LXD)
Batting: RHB Jeff Packard 0-0: Swinging Strike
0-1: Swinging Strike
0-2: Ball
1-2: Ball
2-2: Foul Ball, location: 2F
2-2: Strikes out swinging
Batting: RHB Ximena Campos 0-0: Swinging Strike
0-1: Swinging Strike
0-2: Foul Ball, location: 2F
0-2: Ball
1-2: Foul Ball, location: 2F
1-2: Ball
2-2: SINGLE (Groundball, 5D)
Batting: RHB Eugene Gill 0-0: Fly out, F9 (Flyball, 9D)
Bottom of the 2nd over - 0 run(s), 1 hit(s), 0 error(s), 1 left on base; Niagara Falls 1 - Maui 0
TOP OF THE 3RD
Niagara Falls Frenzy batting - Pitching for Maui Tropics : LHP Loren Day
Batting: SHB Martín De Jesús 0-0: Ball
1-0: Ball
2-0: Called Strike
2-1: SINGLE (Line Drive, 4M)
Batting: RHB Lawrence Schroeder 0-0: Ball
1-0: Ball
2-0: Called Strike
2-1: Ball
3-1: Base on Balls
Martín De Jesús to second
Batting: RHB Ángel Hinojosa 0-0: Ball
1-0: Called Strike
1-1: Called Strike
1-2: Strikes out swinging
Batting: LHB Jarred Jackson 0-0: Ball
Martín De Jesús is caught stealing 3rd base
Lawrence Schroeder to second
1-0: Ball
2-0: Ball
3-0: Called Strike
3-1: Base on Balls
Batting: RHB Gerald Burnett 0-0: Ball
1-0: Swinging Strike
1-1: Called Strike
1-2: Strikes out swinging
Top of the 3rd over - 0 run(s), 1 hit(s), 0 error(s), 2 left on base; Niagara Falls 1 - Maui 0
BOTTOM OF THE 3RD
Maui Tropics batting - Pitching for Niagara Falls Frenzy : RHP Mark Head
Batting: LHB Mario Olivares 0-0: Ball
1-0: Foul Ball, location: 2F
1-1: Ball
2-1: Fly out, F7 (Flyball, 7D)
Batting: LHB Doyle Otterburn 0-0: Ball
1-0: Swinging Strike
1-1: Called Strike
1-2: Foul Ball, location: 2F
1-2: Ball
2-2: Foul Ball, location: 2F
2-2: Fly out, F2 (Popup, 2LF)
Batting: RHB Jesús Espinoza 0-0: Ball
1-0: Swinging Strike
1-1: Ball
2-1: Called Strike
2-2: SOLO HOME RUN (Flyball, 78XD), Distance : 384 ft
Batting: LHB Anacleto Morillo 0-0: Ball
1-0: Fly out, F8 (Flyball, 89M)
Bottom of the 3rd over - 1 run(s), 1 hit(s), 0 error(s), 0 left on base; Niagara Falls 1 - Maui 1
TOP OF THE 4TH
Niagara Falls Frenzy batting - Pitching for Maui Tropics : LHP Loren Day
Batting: LHB Donovan Bird 0-0: Called Strike
0-1: Foul Ball, location: 2F
0-2: SINGLE (Groundball, 34D)
Batting: RHB Don Thomas 0-0: Ball
1-0: Ball
2-0: Ball
3-0: Base on Balls
Donovan Bird to second
Pitching: RHP Ricardo Marino
Batting: RHB Juan Carlos Rodríguez 0-0: Called Strike
0-1: Swinging Strike
0-2: SINGLE (Line Drive, 6MD)
Donovan Bird to third
Don Thomas to second
Batting: SHB Shumei Yokoyama 0-0: Called Strike
0-1: Ball
1-1: Ball
2-1: Called Strike
2-2: Grounds into double play, 6-4-3 (Groundball, 6M)
Donovan Bird scores
Don Thomas to third
Batting: SHB Martín De Jesús 0-0: Called Strike
0-1: Ball
1-1: Called Strike
1-2: Foul Ball, location: 2F
1-2: Foul Ball, location: 2F
1-2: Ball
2-2: Ball
3-2: Strikes out swinging
Top of the 4th over - 1 run(s), 2 hit(s), 0 error(s), 1 left on base; Niagara Falls 2 - Maui 1
BOTTOM OF THE 4TH
Maui Tropics batting - Pitching for Niagara Falls Frenzy : RHP Mark Head
Batting: LHB Luis Antonio Torres 0-0: SINGLE (Flyball, 7LS)
Batting: LHB Henry Huffman 0-0: Called Strike
0-1: Called Strike
0-2: Foul Ball, location: 2F
0-2: Fielders Choice at 2nd, 4-6 (Groundball, 34)
Batting: RHB Jeff Packard 0-0: Ball
1-0: Ball
2-0: Ball
3-0: Called Strike
3-1: Swinging Strike
3-2: Fly out, F9 (Flyball, 9M)
Batting: RHB Ximena Campos 0-0: Ball
1-0: Ball
2-0: Ball
3-0: Base on Balls
Henry Huffman to second
Batting: RHB Eugene Gill 0-0: Called Strike
0-1: Swinging Strike
0-2: Ball
1-2: Fly out, F2 (Popup, 2LF)
Bottom of the 4th over - 0 run(s), 1 hit(s), 0 error(s), 2 left on base; Niagara Falls 2 - Maui 1
TOP OF THE 5TH
Niagara Falls Frenzy batting - Pitching for Maui Tropics : RHP Ricardo Marino
Batting: RHB Lawrence Schroeder 0-0: Ball
1-0: Ball
2-0: Called Strike
2-1: Foul Ball, location: 2F
2-2: Ball
3-2: Ground out 6-3 (Groundball, 6)
Batting: RHB Ángel Hinojosa 0-0: Ball
1-0: Foul Ball, location: 2F
1-1: Foul Ball, location: 2F
1-2: Ball
2-2: Ball
3-2: Base on Balls
Batting: LHB Jarred Jackson 0-0: Called Strike
0-1: Foul Ball, location: 2F
0-2: Ball
1-2: Strikes out looking
Batting: RHB Gerald Burnett 0-0: Ball
1-0: Ball
2-0: Ball
3-0: Called Strike
3-1: SINGLE (Groundball, 6MD)
Ángel Hinojosa to second
Runner from 2nd tries for 3rd, SAFE, throw made to third
Gerald Burnett to second
Batting: LHB Donovan Bird 0-0: Foul Ball, location: 2F
0-1: Fly out, F4 (Line Drive, 4M)
Top of the 5th over - 0 run(s), 1 hit(s), 0 error(s), 2 left on base; Niagara Falls 2 - Maui 1
BOTTOM OF THE 5TH
Maui Tropics batting - Pitching for Niagara Falls Frenzy : RHP Mark Head
Batting: LHB Mario Olivares 0-0: Ground out U3 (Groundball, 3)
Batting: LHB Doyle Otterburn 0-0: Called Strike
0-1: Swinging Strike
0-2: Foul Ball, location: 2F
0-2: Ball
1-2: Ground out 1-3 (Groundball, 23)
Batting: RHB Jesús Espinoza 0-0: Swinging Strike
0-1: Ball
1-1: Ball
2-1: Called Strike
2-2: Foul Ball, location: 2F
2-2: Ground out 6-3 (Groundball, 6)
Bottom of the 5th over - 0 run(s), 0 hit(s), 0 error(s), 0 left on base; Niagara Falls 2 - Maui 1
TOP OF THE 6TH
Niagara Falls Frenzy batting - Pitching for Maui Tropics : RHP Ricardo Marino
Batting: RHB Don Thomas 0-0: Called Strike
0-1: Foul Ball, location: 2F
0-2: Ball
1-2: Strikes out swinging
Batting: RHB Juan Carlos Rodríguez 0-0: Ball
1-0: Ground out 5-3 (Groundball, 15S)
Batting: SHB Shumei Yokoyama 0-0: Swinging Strike
0-1: Foul Ball, location: 2F
0-2: Ground out U3 (Groundball, 3)
Top of the 6th over - 0 run(s), 0 hit(s), 0 error(s), 0 left on base; Niagara Falls 2 - Maui 1
BOTTOM OF THE 6TH
Maui Tropics batting - Pitching for Niagara Falls Frenzy : RHP Mark Head
Pitching: LHP António Bueno
Batting: LHB Anacleto Morillo 0-0: Foul Ball, location: 2F
0-1: Ground out 6-3 (Groundball, 6M)
Batting: LHB Luis Antonio Torres 0-0: Ground out 5-3 (Groundball, 5)
Batting: LHB Henry Huffman 0-0: Called Strike
0-1: DOUBLE (Flyball, 89D)
Batting: RHB Jeff Packard 0-0: Ground out 5-3 (Groundball, 56S)
Bottom of the 6th over - 0 run(s), 1 hit(s), 0 error(s), 1 left on base; Niagara Falls 2 - Maui 1
TOP OF THE 7TH
Niagara Falls Frenzy batting - Pitching for Maui Tropics : RHP Ricardo Marino
Pitching: RHP Dave Riley
Batting: SHB Martín De Jesús 0-0: Ball
1-0: Ball
2-0: Ball
3-0: Called Strike
3-1: Called Strike
3-2: Foul Ball, location: 2F
3-2: Strikes out swinging
Batting: RHB Lawrence Schroeder 0-0: Foul Ball, location: 2F
0-1: Ball
1-1: Foul Ball, location: 2F
1-2: Strikes out swinging
Batting: RHB Ángel Hinojosa 0-0: Ball
1-0: Foul Ball, location: 2F
1-1: Fly out, F7 (Flyball, 6MD)
Top of the 7th over - 0 run(s), 0 hit(s), 0 error(s), 0 left on base; Niagara Falls 2 - Maui 1
BOTTOM OF THE 7TH
Maui Tropics batting - Pitching for Niagara Falls Frenzy : LHP António Bueno
Batting: RHB Ximena Campos 0-0: Ball
1-0: Ball
2-0: Called Strike
2-1: Ball
3-1: Called Strike
3-2: Ground out 4-3 (Groundball, 4)
Batting: RHB Eugene Gill 0-0: Ball
1-0: Ball
2-0: Foul Ball, location: 2F
2-1: Foul Ball, location: 2F
2-2: Strikes out swinging
Batting: LHB Mario Olivares 0-0: Called Strike
0-1: Ball
1-1: Foul Ball, location: 2F
1-2: Ball
2-2: Ball
3-2: Strikes out swinging
Bottom of the 7th over - 0 run(s), 0 hit(s), 0 error(s), 0 left on base; Niagara Falls 2 - Maui 1
TOP OF THE 8TH
Niagara Falls Frenzy batting - Pitching for Maui Tropics : RHP Dave Riley
Batting: LHB Jarred Jackson 0-0: Called Strike
0-1: Ball
1-1: Called Strike
1-2: Ball
2-2: Ball
3-2: Foul Ball, location: 2F
3-2: Base on Balls
Batting: RHB Gerald Burnett 0-0: Bunted foul
0-1: Ball
1-1: Ball
2-1: Bunted foul
2-2: Strikes out swinging
Batting: LHB Donovan Bird 0-0: Ball
1-0: Called Strike
1-1: Ball
2-1: Ball
3-1: Base on Balls
Jarred Jackson to second
Batting: RHB Don Thomas 0-0: Called Strike
0-1: Foul Ball, location: 2F
0-2: Ball
1-2: Strikes out swinging
Batting: RHB Juan Carlos Rodríguez 0-0: Ball
1-0: Ball
2-0: Ball
3-0: Base on Balls
Jarred Jackson to third
Donovan Bird to second
Batting: SHB Shumei Yokoyama 0-0: Foul Ball, location: 2F
0-1: Foul Ball, location: 2F
0-2: Ball
1-2: Foul Ball, location: 2F
1-2: Fly out, F8 (Popup, 78S)
Top of the 8th over - 0 run(s), 0 hit(s), 0 error(s), 3 left on base; Niagara Falls 2 - Maui 1
BOTTOM OF THE 8TH
Maui Tropics batting - Pitching for Niagara Falls Frenzy : LHP António Bueno
Pitching: LHP Santiago Valentín
Batting: LHB Doyle Otterburn 0-0: Foul Ball, location: 2F
0-1: Foul Ball, location: 2F
0-2: Ball
1-2: Fly out, F7 (Line Drive, 7M)
Pitching: RHP Kimitada Takai
Batting: RHB Jesús Espinoza 0-0: Foul Ball, location: 2F
0-1: Ball
1-1: Ball
2-1: Ground out 6-3 (Groundball, 6S)
Pitching: LHP Mike Campbell
Batting: LHB Anacleto Morillo 0-0: Called Strike
0-1: Called Strike
0-2: Foul Ball, location: 2F
0-2: Ball
1-2: Strikes out looking
Bottom of the 8th over - 0 run(s), 0 hit(s), 0 error(s), 0 left on base; Niagara Falls 2 - Maui 1
TOP OF THE 9TH
Niagara Falls Frenzy batting - Pitching for Maui Tropics : RHP Dave Riley
Pitching: RHP Yong-taek Yi
Batting: SHB Martín De Jesús 0-0: Ball
1-0: Fly out, F7 (Flyball, 7M)
Batting: RHB Lawrence Schroeder 0-0: Ball
1-0: Ball
2-0: Called Strike
2-1: Foul Ball, location: 2F
2-2: Strikes out swinging
Batting: RHB Ángel Hinojosa 0-0: Fly out, F6 (Popup, 6MD)
Top of the 9th over - 0 run(s), 0 hit(s), 0 error(s), 0 left on base; Niagara Falls 2 - Maui 1
BOTTOM OF THE 9TH
Maui Tropics batting - Pitching for Niagara Falls Frenzy : LHP Mike Campbell
Pitching: RHP Esteban Juárez
Now at SS: Masafumi Azuma
Batting: LHB Luis Antonio Torres 0-0: Called Strike
0-1: Ground out 4-3 (Groundball, 4)
Batting: LHB Henry Huffman 0-0: Ball
1-0: Ground out 4-3 (Groundball, 4)
Pinch Hitting: RHB Phil White 0-0: Called Strike
0-1: Ball
1-1: Foul Ball, location: 2F
1-2: Ball
2-2: Foul Ball, location: 2F
2-2: Strikes out looking
Bottom of the 9th over - 0 run(s), 0 hit(s), 0 error(s), 0 left on base; Niagara Falls 2 - Maui 1
This league is powered by Out of the Park Baseball, the baseball management simulation game for PC, Mac and Linux
Tuesday, August 2nd, 2016 - OOTP Baseball 16.8 Build 38